 Dungeon Crawl Stone Soup version 0.27.1-15-g792fb953b9 (webtiles) character file.

Game seed: 2350428596359822746

9 croobank the Sneak (level 2, -1/14 HPs)
             Began as a Felid Delver on Nov 19, 2021.
             Frozen to death by an endoplasm (3 damage)
             ... on level 2 of the Dungeon.
             The game lasted 00:01:33 (76 turns).

croobank the Sneak (Felid Delver)                     Turns: 76, Time: 00:01:34

Health: -1/14      AC:  1    Str:  8    XL:     2   Next: 3%
Magic:  3/3        EV: 17    Int: 11    God:
Gold:   0          SH:  0    Dex: 17    Spells: 1/1 levels left
                                        Lives:  0   Deaths: 0

rFire    . . .     SeeInvis +     - Unarmed
rCold    . . .     Faith    .   (shield unavailable)
rNeg     . . .     Spirit   .   (armour unavailable)
rPois    .         Reflect  .   (helmet unavailable)
rElec    .         Harm     .   (cloak unavailable)
rCorr    .         Rampage  .   (gloves unavailable)
Will     .....                  (boots unavailable)
Stlth    ++++......             (no amulet)
HPRegen  0.04/turn              (no ring)
MPRegen  0.08/turn              (no ring)

@: quick
A: very small, claws 1, fangs 3, see invisible, speed 1, shaggy fur 1, stealthy
paws, no weapons or thrown items, no armour, multi-lived
a: no special abilities


You were on level 2 of the Dungeon.
You visited 1 branch of the dungeon, and saw 4 of its levels.

Inventory:

Wands
 e - a wand of digging (3)
Scrolls
 a - a scroll of fog
 b - a scroll of magic mapping
 c - a scroll of fear
Potions
 d - a potion of haste


   Skills:
 + Level 3.0 Fighting
 + Level 2.7 Dodging
 + Level 7.1 Stealth
 + Level 2.0 Unarmed Combat


You had one spell level left.
You didn't know any spells.
Your spell library was empty.

Dungeon Overview and Level Annotations

Branches:
Dungeon (5/15)
 Temple: D:4-7

Altars:


Innate Abilities, Weirdness & Mutations

You have sharp claws.
You have razor-sharp teeth.
You have supernaturally acute eyesight. (SInv)
You cover ground quickly. (Speed+)
You are covered in fur. (AC +1)
Your paws help you pounce on unaware monsters.
You are incapable of wielding weapons or throwing items.
You cannot wear armour.
You gain extra lives every three experience levels.


Message History

Found a scroll labelled ZUECIDOGHI.
The kobold misses you.
Found a scroll of magic mapping.
The kobold hits you with a +0 short sword.
There is a stone staircase leading up here.
The kobold hits you with a +0 short sword.
You climb upwards.
There is a stone staircase leading down here.
You closely miss the kobold. Your claw misses the kobold.
The kobold barely misses you.
You closely miss the kobold. The kobold barely misses you.
You scratch the kobold.
The kobold is moderately wounded.
The kobold closely misses you. The adder barely misses you.
You barely miss the kobold.
The kobold is moderately wounded.
The kobold closely misses you. The adder closely misses you.
You closely miss the kobold.
The kobold is moderately wounded.
The adder barely misses you. The kobold completely misses you.
The adder closely misses you.
The kobold throws a stone.
The stone hits you but does no damage.
You scratch the adder.
The adder is moderately wounded.
The adder bites you.
* * * LOW HITPOINT WARNING * * *
You closely miss the adder.
The adder is moderately wounded.
The adder barely misses you. The adder misses you.
Found an escape hatch in the ceiling.
An endoplasm comes into view.
Found 8 gold pieces.
The endoplasm quivers.
The endoplasm hits you.
* * * LOW HITPOINT WARNING * * *
The endoplasm hits you but does no damage.
Found 15 gold pieces.
The endoplasm freezes you.
You are frozen.
You die...

#.# #.#...........
#.#...........
#K#..........$
#.#...........
#.#...........
#.#...........
#####.#..J........
#.......S.@<......
....#####......$....
## #.########## #.#
#.# #.# #.# #.#


You could see an adder and an endoplasm.

Vanquished Creatures
  An adder (D:5)
1 creature vanquished.

Notes
Turn   | Place    | Note
-------+----------+-------------------------------------------
     0 | D:5      | croobank the Felid Delver began the quest for the Orb.
     0 | D:5      | Reached XP level 1. HP: 10/10 MP: 2/2
    15 | D:5      | Reached skill level 7 in Stealth
    15 | D:5      | Reached XP level 2. HP: 14/14 MP: 3/3
    76 | D:2      | Frozen to death by an endoplasm

Illustrated notes

Levels and vault maps discovered:
D:2:      layout_basic, minmay_diced_spiral
D:3:      layout_rooms, ebering_ghost_rock_garden, minmay_lizard_king
D:4:      layout_cave_pods, grunt_qazlal_sundering, minmay_temple_entry_fiery,
          uniq_natasha
D:5:      layout_layer_cave, minmay_misc_feat_plants, kennysheep_generic_room_4

Skill      XL: |  1 |
---------------+----+-----
Stealth        | 7 |  7.1
Fighting       | |  3.0
Dodging        | |  2.7
Unarmed Combat | |  2.0

Action                   || total
-------------------------++-------
Melee: Unarmed           ||     8
 Stab: Sleeping          ||     1
Armor: Skin              ||     2
Dodge: Dodged            ||    12
